 Dungeon Crawl Stone Soup version 0.31-a0-489-g282fc92437 (webtiles) character file.

Game seed: 9602552155161605234

57 GordonOverkill the Sneak (level 4, -9/31 HPs)
             Began as an Octopode Delver on Aug 8, 2023.
             Mangled by an ice beast (12 damage)
             ... on level 5 of the Dungeon.
             The game lasted 00:01:03 (117 turns).

GordonOverkill the Sneak (Octopode Delver)           Turns: 117, Time: 00:01:04

Health: -9/31      AC:  1    Str: 11    XL:     4   Next: 0%
Magic:  4/4        EV: 13    Int: 14    God:
Gold:   19         SH:  0    Dex: 13    Spells: 3/3 levels left

rFire   . . .        a - +0 short sword
rCold   . . .        (no shield)
rNeg    . . .        (helmet restricted)
rPois   .            (no amulet)
rElec   .            (no ring)
rCorr   .            (no ring)
SInv    .            (no ring)
Will    .....        (no ring)
Stlth   ++++         (no ring)
HPRegen 0.25/turn    (no ring)
MPRegen 0.09/turn    (no ring)
                     (no ring)

%: no passive effects
@: no status effects
A: almost no armour, amphibious, 8 rings, camouflage 1, gelatinous body 1,
(nimble swimmer 1), tentacles
a: no special abilities


You were on level 5 of the Dungeon.
You visited 1 branch of the dungeon, and saw 1 of its levels.

You collected 19 gold pieces.

Inventory:

Hand Weapons
 a - a +0 short sword (weapon)
Missiles
 g - a curare-tipped dart (quivered)
Wands
 f - a wand of digging (3)
Scrolls
 b - a scroll of fog
 d - a scroll of fear
 h - a scroll of acquirement {unknown}
Potions
 e - a potion of haste


   Skills:
 - Level 3.0 Fighting
 + Level 2.6 Short Blades
 - Level 3.0 Throwing
 - Level 2.0 Dodging
 - Level 6.6 Stealth


You had 3 spell levels left.
You didn't know any spells.
Your spell library was empty.

Dungeon Overview and Level Annotations

Branches:
Dungeon (5/15)             Temple (0/1) D:5

Altars:


Innate Abilities, Weirdness & Mutations

You cannot wear most types of armour.
You are amphibious.
You can wear up to eight rings at the same time.
Your skin changes colour to match your surroundings (Stealth+).
Your rubbery body absorbs attacks. (AC +1, EV +1)
((You are camouflaged when in or above water. (Stealth+)))
You have tentacles for arms and can constrict up to eight enemies at once.


Message History

Aim: an ice beast (56% to hit)
You throw a curare-tipped dart.
The curare-tipped dart closely misses the ice beast.
Throw: 3 darts (curare)
Press: ? - help, Q - select action Shift-Dir - straight line, f/p - ice beast
Aim: an ice beast (56% to hit)
You throw a curare-tipped dart.
The curare-tipped dart closely misses the ice beast.
Throw: 2 darts (curare)
Press: ? - help, Q - select action Shift-Dir - straight line, f/p - ice beast
Aim: an ice beast (56% to hit)
You throw a curare-tipped dart.
The curare-tipped dart hits the ice beast.
You closely miss the ice beast. The ice beast barely misses you.
You hit the ice beast but do no damage. The ice beast closely misses you.
You closely miss the ice beast. The ice beast hits you.
The ice beast freezes you.
You hit the ice beast.
The ice beast is lightly wounded.
The ice beast barely misses you.
You hit the ice beast.
The ice beast is moderately wounded.
The ice beast hits you.
* * * LOW HITPOINT WARNING * * *
The ice beast freezes you!
* * * LOW HITPOINT WARNING * * *
You hit the ice beast.
The ice beast is heavily wounded.
You closely miss the ice beast. Your squeeze misses the ice beast.
The ice beast is heavily wounded.
The ice beast hits you.
* * * LOW HITPOINT WARNING * * *
The ice beast freezes you.
* * * LOW HITPOINT WARNING * * *
You hit the ice beast.
The ice beast is heavily wounded.
The ice beast hits you.
* * * LOW HITPOINT WARNING * * *
The ice beast freezes you!
You die...

##### #...# #@$.#
#Y..#####
#.(.....#
#...###.#####*
##.(.>.Y...$.*
#..#.#.####******
#.[#.#.#####~~,~~
#..#.#.....#~,*,~
#..#.##....+,***~


You could see an ice beast.

Vanquished Creatures
  A jelly (D:5)
  An iguana (D:5)
2 creatures vanquished.

Notes
Turn   | Place    | Note
-------+----------+-------------------------------------------
     0 | D:5      | GordonOverkill the Octopode Delver began the quest for the
                  | Orb.
     0 | D:5      | Reached XP level 1. HP: 16/16 MP: 1/1
    29 | D:5      | Noticed an iguana
    35 | D:5      | Killed an iguana
    36 | D:5      | Reached XP level 2. HP: 21/21 MP: 2/2
    36 | D:5      | Reached XP level 3. HP: 26/26 MP: 3/3
    54 | D:5      | Reached XP level 4. HP: 19/31 MP: 4/4
   100 | D:5      | Noticed an ice beast
   117 | D:5      | Mangled by an ice beast

Illustrated notes

Levels and vault maps discovered:
D:5:      layout_basic, mainiacjoe_overflow_big_doors, kennysheep_little_box,
          minmay_temple_entry_antechambers, nicolae_ossuary_entry_ruins,
          hangedman_abyss_or_decor_stagger, hex_tiny, kennysheep_generic_room_13

Skill      XL: |  1  2  3 |
---------------+----------+-----
Throwing       | 2 3 |  3.0
Fighting       | |  3.0
Short Blades   | |  2.6
Dodging        | |  2.0
Stealth        | |  6.6

Action                     |  1- 3 |  4- 6 || total
---------------------------+-------+-------++-------
  Melee: Short sword       |     6 |     8 ||    14
         Constrict         |     1 |       ||     1
         Tentacles         |     2 |       ||     2
  Throw: Dart              |     2 |     4 ||     6
    Use: Scroll            |     1 |       ||     1
  Dodge: Dodged            |     5 |     3 ||     8

Table legend: (Time is in decaauts)
 A = Elapsed time spent in this place.
 B = Non-inter-level travel time spent in this place.
 C = Inter-level travel time spent in this place.
 D = Time resting spent in this place.
 E = Time spent auto-exploring this place.
 F = Levels seen in this place.
 G = Mean time per level.
                   A        B        C        D        E       F      G
               +--------+--------+--------+--------+--------+-----+--------+
         Total |    114 |    114 |      0 |     44 |      0 |   1 |  114.0 |
       Dungeon |    114 |    114 |      0 |     44 |      0 |   1 |  114.0 |
               +--------+--------+--------+--------+--------+-----+--------+

Top non-repeatable levels by time:
     D:5: 114 daAuts
